 Dungeon Crawl Stone Soup version 0.30.1-11-g7821555f0a (webtiles) character file.

Game seed: 9594475688961983569

118 lonewolfV2 the Shield-Bearer (level 5, -2/44 HPs)
             Began as a Formicid Fighter on Nov 14, 2023.
             Slain by Grinder (4 damage)
             ... on level 3 of the Dungeon.
             The game lasted 00:04:27 (1377 turns).

lonewolfV2 the Shield-Bearer (Formicid Fighter)     Turns: 1377, Time: 00:04:28

Health: -2/44      AC: 10    Str: 23    XL:     5   Next: 23%
Magic:  5/5        EV:  8    Int:  7    God:
Gold:   103        SH:  5    Dex: 13    Spells: 4/4 levels left

rFire   . . .        a - +0 war axe (flame)
rCold   . . .        c - +0 buckler
rNeg    . . .        k - +0 chain mail
rPois   .            (helmet unavailable)
rElec   .            (no cloak)
rCorr   .            (no gloves)
SInv    +            g - +0 pair of boots
Will    .....        (no amulet) Stlth
                     (no ring)
HPRegen 0.27/turn    (no ring)
MPRegen 0.09/turn

%: no passive effects
@: no status effects
A: permanent stasis, dig shafts and tunnels, antennae 3, four strong arms
a: Dig, Shaft Self


You were on level 3 of the Dungeon.
You visited 1 branch of the dungeon, and saw 3 of its levels.

You collected 103 gold pieces.

Inventory:

Hand Weapons
 a - a +0 war axe of flaming (weapon)
Armour
 c - a +0 buckler (worn)
 g - a +0 pair of boots (worn)
 k - a +0 chain mail (worn)
Scrolls
 i - a scroll of blinking
Potions
 b - a potion of resistance {unknown}
 d - a potion of might
 e - a potion of mutation {unknown}
 f - a potion of brilliance {unknown}
 m - a potion of curing {unknown}


   Skills:
 + Level 5.2 Fighting
 - Level 2.0 Axes
 - Level 3.2 Armour
 + Level 5.4 Shields


You had 4 spell levels left.
You didn't know any spells.
Your spell library was empty.

Dungeon Overview and Level Annotations

Branches:
Dungeon (3/15)

Altars:

Annotations:
D:3 Grinder


Innate Abilities, Weirdness & Mutations

You cannot be hasted, slowed, berserked, paralysed or teleported.
You can dig through walls and to a lower floor.
You have a pair of large antennae on your head. (SInv)
Your four strong arms can wield two-handed weapons with a shield.


Message History

You kill the kobold!
Grinder hits you.
You writhe in agony.
You barely miss Grinder.
Grinder is lightly wounded.
Grinder hits you but does no damage.
Grinder blinks!
You hit Grinder. You burn Grinder.
Grinder is moderately wounded.
Grinder blinks!
Found an escape hatch in the ceiling.
You barely miss Grinder.
Grinder is moderately wounded.
Grinder barely misses you. You block Grinder's attack.
You closely miss Grinder.
Grinder is moderately wounded.
Grinder blinks!
There is an escape hatch in the floor here.
Grinder gestures at you. Pain shoots through your body!
You closely miss Grinder.
Grinder is moderately wounded.
Grinder hits you but does no damage. Grinder hits you.
* * * LOW HITPOINT WARNING * * *
You writhe in agony.
* * * LOW HITPOINT WARNING * * *
You slash Grinder! You burn Grinder.
Grinder is severely wounded.
Grinder barely misses you.
You barely miss Grinder.
Grinder is severely wounded.
Grinder hits you.
* * * LOW HITPOINT WARNING * * *
You writhe in agony.
* * * LOW HITPOINT WARNING * * *
You hit Grinder. You burn Grinder.
Grinder is almost dead.
Grinder gestures at you. Pain shoots through your body!
* * * LOW HITPOINT WARNING * * *
Grinder hits you.
You die...

.. #. #. #### . #.
##...##
..####.###.....##
........#)).....#
..........<.....#
#......>#.......#
#.......@5.....##
#.$.....##........
#.......###...####
######### ....#
....# #.#.# .


You could see Grinder.

Vanquished Creatures
  2 gnolls
  4 adders (D:2)
  2 worms (D:2)
  A dart slug (D:2)
  An orc (D:3)
  2 bats (D:1)
  4 endoplasms (D:1)
  A giant cockroach (D:2)
  4 goblins (D:1)
  8 hobgoblins
  2 jackals (D:2)
  2 quokkas
  3 ball pythons
  11 frilled lizards
  5 kobolds
  5 rats
57 creatures vanquished.

Notes
Turn   | Place    | Note
-------+----------+-------------------------------------------
     0 | D:1      | lonewolfV2 the Formicid Fighter began the quest for the
                  | Orb.
     0 | D:1      | Reached XP level 1. HP: 18/18 MP: 1/1
   115 | D:1      | Reached XP level 2. HP: 24/24 MP: 2/2
   426 | D:1      | Reached XP level 3. HP: 29/30 MP: 3/3
   908 | D:2      | Reached XP level 4. HP: 38/38 MP: 4/4
   986 | D:2      | Reached skill level 5 in Shields
  1051 | D:2      | Reached skill level 5 in Fighting
  1114 | D:2      | Reached XP level 5. HP: 44/44 MP: 5/5
  1356 | D:3      | Noticed Grinder
  1377 | D:3      | HP: 2/44 [Grinder/nerve-wracking pain (6)]
  1377 | D:3      | Slain by Grinder

Illustrated notes

Levels and vault maps discovered:
D:1:      minmay_arrival_doors, layout_basic
D:2:      layout_rooms, cheibrodos_gnoll_hut
D:3:      layout_loops_ring, gup_sewer_entry_spiral, minmay_mini_jars,
          uniq_robin, uniq_grinder

Skill      XL: |  1  2  3  4 |
---------------+-------------+-----
Fighting       | 4 5 |  5.2
Shields        | 5 |  5.4
Axes           | |  2.0
Armour         | |  3.2

Action                     |  1- 3 |  4- 6 || total
---------------------------+-------+-------++-------
  Melee: War axe           |   101 |    57 ||   158
    Use: Scroll            |     2 |     4 ||     6
 Armour: Scale mail        |    60 |    17 ||    77
         Chain mail        |       |    16 ||    16
         Skin              |       |     1 ||     1
  Dodge: Dodged            |    44 |    17 ||    61
  Block: Buckler           |    25 |    17 ||    42
